 Dungeon Crawl Stone Soup version 0.21.1-1-g345015f (webtiles) character file.

70 inc the Changer (level 4, 0/28 HPs)
             Began as an Octopode Transmuter on June 11, 2018.
             Succumbed to an adder's poison
             ... on level 2 of the Dungeon.
             The game lasted 00:01:06 (966 turns).

inc the Changer (Octopode Transmuter)                Turns: 966, Time: 00:01:07

Health: 0/28       AC:  1    Str:  9    XL:     4   Next: 22%
Magic:  7/7        EV: 14    Int: 21    God:
Gold:   76         SH:  0    Dex: 12    Spells: 3/7 levels left

rFire    . . .     SeeInvis .     - Unarmed
rCold    . . .     Gourm    .   (no shield)
rNeg     . . .     Faith    .   (helmet restricted)
rPois    .         Spirit   .   (no amulet)
rElec    .         Reflect  .   (no ring)
rCorr    .         Harm     .   (no ring)
MR       .....                  (no ring)
Stlth    ++........             (no ring)
HPRegen  0.09/turn              (no ring)
MPRegen  0.10/turn              (no ring)
                                (no ring)
                                (no ring)

@: brilliant, lethally poisoned (0 -> -7)
A: almost no armour, stealthy swim, amphibious, 8 rings, constrict 8, camouflage
1, gelatinous body 1
a: no special abilities


You were on level 2 of the Dungeon.
You were not hungry.

You visited 1 branch of the dungeon, and saw 2 of its levels.

You collected 76 gold pieces.

Inventory:

Missiles
 a - 12 arrows
Jewellery
 f - an uncursed ring of magical power {unknown}
Potions
 d - a potion of flight {unknown}
 e - a potion of degeneration {unknown}
 h - a potion of heal wounds {unknown}
Books
 b - a book of Changes

   Spells                             Type                      Level
   a - Beastly Appendage              Transmutation                1
   b - Sticks to Snakes               Transmutation                2
   c - Spider Form                    Transmutation/Poison         3
   d - Ice Form                       Ice/Transmutation            4
   e - Blade Hands                    Transmutation                5
Comestibles
 c - 2 rations


   Skills:
 - Level 1.0 Fighting
 - Level 2.8 Dodging
 - Level 3.0 Unarmed Combat
 - Level 2.0 Spellcasting
 + Level 3.2 Transmutations
 + Level 2.0 Poison Magic


You had 3 spell levels left.
You knew the following spells:

 Your Spells              Type           Power        Failure   Level  Hunger
a - Beastly Appendage     Tmut           ####..       1%          1    #......
b - Spider Form           Tmut/Pois      ####......   1%          3    ###....


Dungeon Overview and Level Annotations

Branches:
Dungeon (2/15)

Altars:


Innate Abilities, Weirdness & Mutations

You cannot wear most types of armour.
You are very stealthy in the water. (Stealth+)
You are amphibious.
You can wear up to eight rings at the same time.
You can use your tentacles to constrict eight enemies at once.
Your skin changes colour to match your surroundings (Stealth+).
Your rubbery body absorbs attacks. (AC +1, EV +1)


Message History

You constrict the adder.
You feel sick. The adder bites you.
* * * LOW HITPOINT WARNING * * *
The adder bites you.
* * * LOW HITPOINT WARNING * * *
You tentacle-slap the adder.
The adder is severely wounded.
You constrict the adder.
* * * LOW HITPOINT WARNING * * *
You feel sick. The adder misses you.
You tentacle-slap the adder but do no damage.
The adder is almost dead.
You constrict the adder.
You kill the adder!
Your Poison Magic skill increases to level 2!
* * * LOW HITPOINT WARNING * * *
You feel sick.
You see here an adder corpse.
It was a potion of brilliance.
You feel clever all of a sudden.
You die...

#.# #.#
######.##########.#
##...[........<....#
........############
..#####..## ##..#
#..# #.@# #...#
#...# ..#.# ..##.#
..# .# ... ## .###


There were no monsters in sight!

Vanquished Creatures
  A crimson imp (D:2)
  An adder (D:2)
  A dart slug (D:1)
  A leopard gecko (D:2)
  5 giant cockroaches (D:1)
  3 hobgoblins (D:1)
  A frilled lizard (D:1)
  3 goblins (D:1)
  5 kobolds (D:1)
  2 rats (D:1)
23 creatures vanquished.

Notes
Turn   | Place    | Note
-------+----------+-------------------------------------------
     0 | D:1      | inc the Octopode Transmuter began the quest for the Orb.
     0 | D:1      | Reached XP level 1. HP: 13/13 MP: 3/3
   262 | D:1      | Reached XP level 2. HP: 11/18 MP: 5/5
   777 | D:1      | Reached XP level 3. HP: 23/23 MP: 6/6
   782 | D:1      | Learned a level 3 spell: Spider Form
   951 | D:2      | Reached skill level 1 in Poison Magic
   951 | D:2      | Reached XP level 4. HP: 24/28 MP: 7/7
   965 | D:2      | HP: 1/28 [poisoned by an adder]
   966 | D:2      | Succumbed to an adder's poison

Skill      XL: |  1  2  3  4 |
---------------+-------------+-----
Transmutations | 3 |  3.2
Poison Magic   | 1 2 |  2.0
Fighting       | |  1.0
Dodging        | |  2.8
Unarmed Combat | |  3.0
Spellcasting   | |  2.0

Action                   |  1- 3 |  4- 6 || total
-------------------------+-------+-------++-------
Melee: Unarmed           |    55 |     7 ||    62
       Constrict         |    17 |     1 ||    18
       Tentacles         |     8 |       ||     8
       Punch             |     3 |       ||     3
  Use: Potion            |       |     1 ||     1
 Stab: Sleeping          |     5 |       ||     5
Armor: Skin              |     3 |       ||     3
Dodge: Dodged            |    31 |     3 ||    34
